 Dungeon Crawl Stone Soup version 0.22.1-1-ga44c0e56f4 (webtiles) character file.

98 AlolanVulpixel the Poker (level 4, -2/35 HPs)
             Began as a Demonspawn Chaos Knight on Oct 3, 2018.
             Slain by Crazy Yiuf
             ... wielding a +2 quarterstaff of chaos
              (25 damage)
             ... on level 2 of the Dungeon.
             The game lasted 00:03:05 (1532 turns).

AlolanVulpixel the Poker (Demonspawn Chaos Knight)  Turns: 1532, Time: 00:03:14

Health: -2/35      AC:  6    Str: 13    XL:     4   Next: 44%
Magic:  3/3        EV: 11    Int: 13    God:    Xom [..*...]
Gold:   37         SH:  0    Dex: 13    Spells: 3/3 levels left

rFire    . . .     SeeInvis .   a - +1 spear (chaos)
rCold    . . .     Gourm    .   (no shield)
rNeg     . . .     Faith    .   e - +0 ring mail
rPois    .         Spirit   .   (no helmet)
rElec    .         Reflect  .   c - +0 cloak
rCorr    .         Harm     .   (no gloves)
MR       .....                  (no boots)
Stlth    +.........             (no amulet)
HPRegen  0.11/turn              (no ring)
MPRegen  0.08/turn              (no ring)

@: no status effects
A: hooves 1, low mp 1, powered by death 1, screaming 1
a: Renounce Religion


You were on level 2 of the Dungeon.
You worshipped Xom.
You were a toy of Xom.
You were not hungry.

You visited 1 branch of the dungeon, and saw 2 of its levels.

You collected 37 gold pieces.

Inventory:

Hand Weapons
 a - a +1 spear of chaos (weapon)
Armour
 c - a +0 cloak (worn)
 e - a +0 ring mail (worn)
Potions
 h - a potion of brilliance


   Skills:
 + Level 3.5 Fighting
 + Level 3.6 Polearms
 + Level 2.3 Armour
 + Level 1.7 Dodging
 + Level 0.7 Stealth


You had 3 spell levels left.
You didn't know any spells.
Your spell library was empty.

Dungeon Overview and Level Annotations

Branches:
Dungeon (2/15)

Altars:

Annotations:
D:2 Crazy Yiuf


Innate Abilities, Weirdness & Mutations

You regenerate a little health from kills.
You have large cloven feet.
Your magical capacity is low. (-10% MP)
You occasionally shout uncontrollably at your foes.


Message History

You puncture the fungus! You kick the fungus.
The fungus is almost destroyed.
You hit the fungus.
The fungus flickers and vanishes!
Deactivating autopickup; reactivate with Ctrl-A.
You barely miss something. You kick something.
Reactivating autopickup.
Found a runed door.
You open the door.
Crazy Yiuf the Enlightened comes into view.
He is wielding a quarterstaff of
Found a runed mace.
Crazy Yiuf says, "My goal is simple.
It is a complete understanding of the
There is an open door here.
You hit Crazy Yiuf.
Crazy Yiuf is poisoned.
Crazy Yiuf is lightly wounded.
Crazy Yiuf says, "My goal is simple.
It is a complete understanding of the Crazy Yiuf hits you with a quarterstaff of chaos!
Space warps horribly around you!
Ouch! That really hurt!
You die...
Xom chortles!

........#
##..##
#......#....
........#
#P.P#
#...........
........#
#.PP#
#...........
........#
##.##
#...........
........#
#.##
#..#........
###.....#
##.#
#..#........
#.##
#..#........
##.#
#..#....###.
#@#
#..#....# #.
#.g.#
######.## #.
#...# #.# #.
#..)# #.# #.
##### #.# #.
#.# #. #.#
#.. ###


You could see Crazy Yiuf.

Vanquished Creatures
  3 adders (D:2)
  A worm (D:2)
  2 dart slugs (D:1)
  4 leopard geckos (D:1)
  A ball python (D:1)
  2 giant cockroaches (D:1)
  6 goblins
  5 hobgoblins
  9 jackals (D:1)
  5 bats
  3 frilled lizards (D:1)
  10 kobolds
  7 rats (D:1)
  A bush (D:1)
  A fungus (D:2)
60 creatures vanquished.

Notes
Turn   | Place    | Note
-------+----------+-------------------------------------------
     0 | D:1      | AlolanVulpixel the Demonspawn Chaos Knight began the quest
                  | for the Orb.
     0 | D:1      | Reached XP level 1. HP: 18/18 MP: 1/1
     7 | D:1      | XOM: smoke on damage
    38 | D:1      | Gained mutation: You regenerate a little health from kills.
                  | [demonic ancestry]
    38 | D:1      | Reached XP level 2. HP: 16/24 MP: 2/2
    44 | D:1      | Reached skill level 1 in Dodging
   182 | D:1      | Reached XP level 3. HP: 29/29 MP: 3/3
   353 | D:1      | XOM: divination: detect creatures
   490 | D:1      | XOM: cloud trail
   737 | D:1      | XOM: mild Hex miscast
   926 | D:1      | XOM: divination: detect creatures
  1054 | D:1      | Gained mutation: You are resistant to hostile enchantments.
                  | (MR+) [potion of mutation]
  1054 | D:1      | Gained mutation: You have a pair of small antennae on your
                  | head. [potion of mutation]
  1055 | D:1      | Lost mutation: You have a pair of small antennae on your
                  | head. [potion of mutation]
  1055 | D:1      | Lost mutation: You are resistant to hostile enchantments.
                  | (MR+) [potion of mutation]
  1055 | D:1      | Gained mutation: Your magical capacity is low. (-10% MP)
                  | [potion of mutation]
  1055 | D:1      | Gained mutation: You occasionally shout uncontrollably at
                  | your foes. [potion of mutation]
  1055 | D:1      | Gained mutation: You have large cloven feet. [potion of
                  | mutation]
  1230 | D:1      | XOM: cloud trail
  1372 | D:2      | Reached XP level 4. HP: 35/35 MP: 3/3
  1526 | D:2      | Found a runed door.
  1530 | D:2      | Noticed Crazy Yiuf
  1532 | D:2      | Slain by Crazy Yiuf

Skill      XL: |  1  2 |
---------------+-------+-----
Polearms       | 3 |  3.6
Dodging        | 1 |  1.7
Armour         | 2 |  2.3
Fighting       | |  3.5
Stealth        | |  0.7

Action                   |  1- 3 |  4- 6 || total
-------------------------+-------+-------++-------
Melee: Spear             |   177 |    28 ||   205
       Kick              |    14 |    10 ||    24
  Use: Potion            |     4 |     1 ||     5
       Scroll            |     2 |       ||     2
 Stab: Paralysed         |     5 |       ||     5
       Confused          |       |     1 ||     1
  Eat: Ration            |     1 |       ||     1
Armor: Leather armour    |    74 |     3 ||    77
       Ring mail         |       |     3 ||     3
Dodge: Dodged            |   120 |     5 ||   125
